AoeStats
← JoseRegens

Arena

507981213Analyzed
1v1 RM · 12d ago on Sep 20, 2026· 44m 12s· 2 players
Game mode
Random Map
Map size
Tiny (2 player)
Population
200
Speed
Normal
Resources
Standard
Victory
Conquest
Starting age
Dark Age
Ending age
Imperial Age
RankedLock teamsTeams togetherTeam positionsShared explorationLock speedFull tech treeHidden civsTurbo modeCheats
Victory
Defeat
🇺🇸 Chinese · United States
549
+15
🇪🇬 Dravidians · Egypt
534
-15
Mousa
11:44 Feudal Age
12:10 Double-Bit Axe
12:20 Gold Mining
14:25 Horse Collar
14:44 Stone Mining
16:06 Wheelbarrow
20:52 Castle Age
19:19 Man-at-Arms
19:45 Arson
21:44 Bow Saw
21:40 Heavy Plow
22:48 Long Swordsman
33:16 Imperial Age
31:30 Hand Cart
32:01 Pikeman
34:48 Elite Skirmisher
37:07 Thumb Ring
JoseRegens
2:13 Loom
12:19 Feudal Age
12:56 Double-Bit Axe
20:58 Castle Age
18:53 Horse Collar
19:22 Stone Mining
19:46 Gold Mining
20:13 Fletching
21:23 Padded Archer Armor
21:57 Bow Saw
21:49 Heavy Plow
23:02 Town Watch
26:52 Wheelbarrow
27:04 Leather Archer Armor
28:55 Hand Cart
30:26 Ballistics
30:48 Thumb Ring
32:14 Bodkin Arrow
36:32 Imperial Age
35:05 Gold Shaft Mining
35:16 Stone Shaft Mining
37:27 Town Patrol
39:22 Bracer
39:52 Ring Archer Armor
40:29 Two-Man Saw
40:32 Chemistry
40:32 Elite Skirmisher
Connection lost

Rejoining the realm…

Still unreachable

The connection could not be restored.

Session expired

The server has moved on; the page needs a fresh start.